AoeStats
← KND

Nomad

506406888Analyzed
3v3 RM · 18d ago on Sep 13, 2026· 25m 51s· 6 players
Game mode
Random Map
Map size
210×210
Population
200
Speed
Normal
Resources
Standard
Victory
Conquest
Starting age
Dark Age
Ending age
Imperial Age
RankedLock teamsTeams togetherTeam positionsShared explorationLock speedFull tech treeHidden civsTurbo modeCheats
Victory
Defeat
🇭🇰 Hindustanis · Hong Kong SAR China
1560
+16
🇭🇰 Italians · Hong Kong SAR China
1428
+38
🇭🇰 Spanish · Hong Kong SAR China
1392
+23
🇦🇷 Spanish · Argentina
1587
-21
🇦🇷 Magyars · Argentina
1546
-20
🇧🇷 Mongols · Brazil
1521
-19
BĂNG GIÁ PRO
8:44 Loom
12:51 Feudal Age
16:25 Castle Age
14:37 Double-Bit Axe
17:47 Bow Saw
18:11 Padded Archer Armor
19:49 Horse Collar
KND
11:10 Loom
13:10 Feudal Age
17:01 Castle Age
14:52 Double-Bit Axe
16:04 Stone Mining
16:48 Town Watch
20:37 Fletching
Ferman
4:49 Loom
13:38 Feudal Age
牛油果
4:49 Loom
15:25 Feudal Age
16:36 Double-Bit Axe
19:08 Castle Age
18:00 Scale Barding Armor
18:07 Forging
18:25 Fishing Lines
19:35 Bloodlines
19:59 Bow Saw
19:42 Gillnets
20:39 Husbandry
22:50 Horse Collar
24:07 Wheelbarrow
23:18 Town Watch
25:17 Heavy Plow
25:08 Gold Mining
局長
5:23 Loom
15:13 Feudal Age
16:39 Fishing Lines
17:28 Stone Mining
17:39 Double-Bit Axe
19:57 Castle Age
18:28 Padded Archer Armor
18:49 Fletching
19:10 Double-Bit Axe
19:56 Gold Mining
20:51 Wheelbarrow
20:27 Town Watch
21:17 Wheelbarrow
20:59 Bow Saw
21:47 Leather Archer Armor
21:29 Bodkin Arrow
22:18 Husbandry
22:32 Gillnets
馬仔
4:59 Loom
15:54 Feudal Age
20:32 Castle Age
21:32 Town Watch
23:34 Fishing Lines
24:23 Double-Bit Axe
24:44 Fletching
24:55 Padded Archer Armor
Connection lost

Rejoining the realm…

Still unreachable

The connection could not be restored.

Session expired

The server has moved on; the page needs a fresh start.